 Dungeon Crawl Stone Soup version 0.29.0-7-g18a832c13a (webtiles) character file.

Game seed: 13598247831549884838

228 lonewolfV2 the Chopper (level 5, -7/43 HPs)
             Began as a Palentonga Fighter on Aug 30, 2022.
             Mangled by a gnoll
             ... wielding a +0 halberd
              (9 damage)
             ... on level 4 of the Dungeon.
             The game lasted 00:05:23 (2456 turns).

lonewolfV2 the Chopper (Palentonga Fighter)         Turns: 2456, Time: 00:05:23

Health: -7/43      AC:  6    Str: 23    XL:     5   Next: 70%
Magic:  5/5        EV:  7    Int:  9    God:
Gold:   156        SH:  5    Dex: 15    Spells: 4/4 levels left

rFire   . . .      SeeInvis +   o - +4 flail
rCold   . . .      Faith    .   c - +0 buckler
rNeg    . . .      Spirit   .   b - +0 scale mail
rPois   .          Reflect  .   (no helmet)
rElec   .          Harm     .   (no cloak)
rCorr   .          Rampage  .   (no gloves)
Will    .....                   (no barding)
Stlth   ..........              g - amulet of regeneration
HPRegen 0.94/turn               e - +6 ring of dexterity
MPRegen 0.09/turn               (no ring)

@: mighty
A: large, rugged brown scales 3, see invisible, deformed body, roll 1, armoured
tail
a: Rolling Charge


You were on level 4 of the Dungeon.
You visited 1 branch of the dungeon, and saw 4 of its levels.

You collected 156 gold pieces.

Inventory:

Hand Weapons
 a - a +0 war axe
 o - a +4 flail (weapon)
Armour
 b - a +0 scale mail (worn)
 c - a +0 buckler (worn)
Jewellery
 e - a +6 ring of dexterity (left hand)
 g - an amulet of regeneration (around neck)
Wands
 k - a wand of paralysis (12)
 n - a wand of flame (24)
Scrolls
 m - a scroll of teleportation
Potions
 f - 2 potions of heal wounds
 h - 4 potions of curing
 i - a potion of attraction {unknown}
 j - a potion of resistance {unknown}
 l - a potion of haste {unknown}
 p - a potion of magic {unknown}


   Skills:
 + Level 3.6 Fighting
 + Level 4.1(4.3) Axes
 + Level 1.3(3.0) Maces & Flails
 + Level 3.1 Armour
 + Level 0.4 Dodging
 + Level 3.2 Shields


You had 4 spell levels left.
You didn't know any spells.
Your spell library contained the following spells:

 Spells                   Type           Power      Damage    Failure   Level
 Call Canine Familiar     Summ           0%         N/A       98%         3
 Dazzling Flash           Conj/Hex       0%         N/A       98%         3
 Portal Projectile        Hex/Tloc       0%         N/A       98%         3
 Iskenderun's Mystic Bla  Conj/Tloc      0%         2d3       100%        4
 Leda's Liquefaction      Hex/Erth       0%         N/A       100%        4
 Starburst                Conj/Fire      0%         6d3       100%        6


Dungeon Overview and Level Annotations

Branches:
Dungeon (4/15)
 Temple: D:4-7

Altars:
The Shining One

Annotations:
D:4 Pikel


Innate Abilities, Weirdness & Mutations

You are completely covered in rugged brown scales. (AC +3, +7% HP)
You have supernaturally acute eyesight. (SInv)
Armour fits poorly on your strangely shaped body.
You can roll at nearby foes to attack.
You have a long armoured tail.


Message History

Your surroundings suddenly seem different.
You open the door. 2 gnolls come into view.
The gnoll shouts! x2; You hear a shout!
A gnoll comes into view. It is wielding a +0 flail.
You hear a shout!
The gnoll barely misses you. You block the gnoll's attack.
There is an open door here.
You bludgeon the gnoll!!
You kill the gnoll!
The gnoll barely misses you. x2
The gnoll completely misses you. You block the gnoll's attack.
Things that are here:
a +0 flail; a gnoll corpse You barely miss the gnoll.
The gnoll hits you with a +0 flail.
A hobgoblin comes into view.
The gnoll closely misses you.
You sock the gnoll!
You kill the gnoll!
The gnoll hits you but does no damage. You block the gnoll's attack.
You block the gnoll's attack.
Things that are here:
a +0 flail; a gnoll corpse The gnoll hits you with a +0 halberd!
You bludgeon the hobgoblin!!
You kill the hobgoblin!
The gnoll hits you with a +0 halberd. The gnoll barely misses you.
You see here a hobgoblin corpse.
You block the gnoll's attack. The gnoll hits you with a +0 halberd.
Things that are here:
a +0 flail; a gnoll corpse You closely miss the gnoll.
The gnoll hits you with a +0 halberd!
* * * LOW HITPOINT WARNING * * *
You barely miss the gnoll. The gnoll closely misses you.
The gnoll hits you with a +0 halberd!
* * * LOW HITPOINT WARNING * * *
You closely miss the gnoll. The gnoll hits you with a +0 halberd!
You die...

###### #....+ #
#....# ..+
...#######'##....#
.......†.@)..#
.........g...#
#...............#
#...............#
#.....###########
#.....# #.....#
#.....#+####
#..........#


You could see a gnoll.

Vanquished Creatures
  A lemure (D:4)
  Natasha (thrice) (D:3)
  Robin (D:3)
  2 gnolls (D:4)
  4 adders
  A worm (D:2)
  2 dart slugs
  An orc (D:3)
  2 ball pythons
  5 bats
  An endoplasm (D:2)
  3 giant cockroaches
  20 goblins
  15 hobgoblins
  4 jackals (D:2)
  3 quokkas
  3 frilled lizards
  3 kobolds
  2 rats
76 creatures vanquished.

Notes
Turn   | Place    | Note
-------+----------+-------------------------------------------
     0 | D:1      | lonewolfV2 the Palentonga Fighter began the quest for the
                  | Orb.
     0 | D:1      | Reached XP level 1. HP: 19/19 MP: 1/1
   307 | D:1      | Reached XP level 2. HP: 22/25 MP: 2/2
   532 | D:1      | Identified a scroll of acquirement
   532 | D:1      | Acquired a +6 ring of dexterity
   598 | D:1      | Found a faded altar of an unknown god.
   885 | D:2      | Reached XP level 3. HP: 31/31 MP: 3/3
  1582 | D:2      | Reached XP level 4. HP: 37/37 MP: 4/4
  1822 | D:3      | Identified the +0 chain mail "Weced" {rC+ Regen+ Str+3
                  | Dex+2}
  1894 | D:3      | Noticed Natasha
  1899 | D:3      | Killed Natasha
  1900 | D:3      | Reached skill level 3 in Axes
  1924 | D:3      | Noticed Natasha
  1933 | D:3      | Killed Natasha
  1990 | D:3      | Noticed Natasha
  1999 | D:3      | Killed Natasha
  2000 | D:3      | Reached skill level 4 in Axes
  2000 | D:3      | Reached XP level 5. HP: 32/43 MP: 5/5
  2118 | D:3      | Found a glowing golden altar of the Shining One.
  2205 | D:3      | Noticed Robin
  2221 | D:3      | Killed Robin
  2415 | D:4      | Reached skill level 1 in Maces & Flails
  2421 | D:4      | Noticed a lemure
  2422 | D:4      | Noticed Pikel
  2422 | D:4      | Noticed a lemure
  2424 | D:4      | Noticed a lemure
  2426 | D:4      | Noticed a lemure
  2430 | D:4      | Killed a lemure
  2455 | D:4      | HP: 1/43 [gnoll/+0 halberd (11)]
  2456 | D:4      | Mangled by a gnoll

Illustrated notes

Levels and vault maps discovered:
D:1:      minmay_arrival_floating_metal, layout_rooms,
          shapermc_ecumenical_altar_acropolis
D:2:      layout_basic
D:3:      layout_rooms, nicolae_tso_swordbearing_angel, serial_curves,
          eino_curves_04, eino_curves_04, ebering_dispersal_statue_hall,
          uniq_natasha, uniq_robin
D:4:      layout_gridville, gup_sewer_entry_spiral, minmay_misc_feat_square,
          minmay_goblin_outpost, uniq_pikel

Skill      XL: |  1  2  3  4  5 |
---------------+----------------+-----
Shields        | 3 |  3.2
Armour         | 3 |  3.1
Axes           | 4 |  4.1
Maces & Flails | 1 |  1.3
Fighting       | |  3.6
Dodging        | |  0.4

Action                   |  1- 3 |  4- 6 || total
-------------------------+-------+-------++-------
Melee: War axe           |    89 |    37 ||   126
       Tailslap          |     9 |    12 ||    21
       Flail             |       |    67 ||    67
 Abil: Rolling Charge    |     2 |       ||     2
  Use: Scroll            |     8 |     1 ||     9
       Potion            |       |     3 ||     3
Armor: Scale mail        |    46 |    75 ||   121
Dodge: Dodged            |    30 |    70 ||   100
Block: Buckler           |    22 |    48 ||    70
